[ PARTIDA AOE2 · #513576665 ]
UnrankedHunos vs Romans
Equipo del jugador · DERR
Equipo rival · VICT
[ ANÁLISIS DE REPETICIÓN · EXTRAÍDO DE LA PARTIDA GRABADA ]
Feudal
8:51
Castillos
—
Imperial
—
| APM promedio | 75.0 |
| APM pico | 102 |
| eAPM promedio | 24.2 |
| Aldeanos / militares | 56 / 35 |
Foco
⚔️ 40.7% · 🌾 59.3%
Archer ×22 · Skirmisher ×8 · Scout Cavalry ×4 · Spearman ×1
Feudal
8:55
Castillos
—
Imperial
—
| APM promedio | 75.8 |
| APM pico | 113 |
| eAPM promedio | 32.4 |
| Aldeanos / militares | 100 / 45 |
Foco
⚔️ 39.2% · 🌾 60.8%
Militia ×30 · Archer ×12 · Spearman ×3
Mapa de la partida
Recursos iniciales + cada clic de construcción. Líneas = muros · curvas = relieve. ◆ oro · ⬟ piedra · ● bayas · ✦ reliquia · ◌ hueco del cierre
Tu base· Abierta — hueco de 10t
Base de Oni.Lewis· Abierta — flanco sin cerrar
Terreno inicial suavizado · ◌ = hueco del cierre detectado · pasá el cursor para detalles
Inputs por minuto
— Don Vito - - Oni.Lewis
Build order — Don Vito
Primeras 150 de 156 acciones detectadas
| 0:00 | queue | Villager (Male) |
| 0:00 | queue | Villager (Male) |
| 0:01 | queue | Villager (Male) |
| 0:18 | queue | Villager (Male) |
| 1:19 | queue | Villager (Male) |
| 1:50 | Construir | Lumber Camp |
| 1:58 | Construir | Lumber Camp |
| 2:00 | queue | Villager (Male) |
| 2:09 | queue | Villager (Male) |
| 2:41 | queue | Villager (Male) |
| 3:00 | queue | Villager (Male) |
| 3:36 | queue | Villager (Male) |
| 3:55 | queue | Villager (Male) |
| 4:19 | Construir | Mill |
| 4:35 | queue | Villager (Male) |
| 4:50 | queue | Villager (Male) |
| 5:03 | queue | Villager (Male) |
| 5:08 | Construir | Palisade Wall |
| 5:10 | Construir | Palisade Wall |
| 5:11 | Construir | Palisade Wall |
| 5:16 | queue | Villager (Male) |
| 5:48 | Construir | Palisade Wall |
| 5:55 | Construir | Palisade Wall |
| 5:55 | Construir | Palisade Wall |
| 6:11 | Investigar | Loom |
| 6:32 | Construir | Palisade Wall |
| 6:33 | Construir | Palisade Wall |
| 6:38 | Construir | Palisade Wall |
| 6:41 | Investigar | Feudal Age |
| 6:52 | Construir | Palisade Wall |
| 7:26 | Construir | Palisade Wall |
| 7:26 | Construir | Palisade Wall |
| 7:47 | Construir | Barracks |
| 8:37 | Construir | Palisade Wall |
| 8:48 | Construir | Palisade Wall |
| 8:51 | Edad | Edad Feudal |
| 8:53 | queue | Villager (Male) |
| 8:57 | Construir | Stable |
| 9:04 | queue | Spearman |
| 9:10 | queue | Villager (Male) |
| 9:20 | queue | Villager (Male) |
| 9:25 | Investigar | Double-Bit Axe |
| 9:33 | queue | Scout Cavalry |
| 9:34 | queue | Villager (Male) |
| 9:41 | Construir | Farm |
| 9:50 | queue | Villager (Male) |
| 10:00 | queue | Scout Cavalry |
| 10:10 | Construir | Farm |
| 10:13 | queue | Scout Cavalry |
| 10:16 | queue | Villager (Male) |
| 10:45 | queue | Villager (Male) |
| 11:07 | Construir | Archery Range |
| 11:12 | queue | Villager (Male) |
| 11:21 | Construir | Mining Camp |
| 11:22 | queue | Villager (Male) |
| 11:29 | queue | Scout Cavalry |
| 11:33 | queue | Villager (Male) |
| 11:37 | Construir | Farm |
| 11:48 | queue | Archer |
| 11:54 | Construir | Palisade Wall |
| 11:55 | Construir | Palisade Wall |
| 11:57 | Construir | Palisade Wall |
| 11:58 | Construir | Palisade Wall |
| 12:00 | Construir | Palisade Wall |
| 12:00 | queue | Villager (Male) |
| 12:16 | queue | Villager (Male) |
| 12:21 | Construir | Farm |
| 12:31 | queue | Villager (Male) |
| 12:37 | Construir | Farm |
| 12:47 | queue | Archer |
| 12:54 | Construir | Farm |
| 13:01 | queue | Villager (Male) |
| 13:12 | queue | Skirmisher |
| 13:22 | queue | Skirmisher |
| 13:25 | Construir | Palisade Wall |
| 13:29 | queue | Skirmisher |
| 13:40 | Construir | Farm |
| 13:44 | queue | Villager (Male) |
| 13:46 | Construir | Blacksmith |
| 14:13 | queue | Villager (Male) |
| 14:23 | queue | Archer |
| 14:43 | queue | Villager (Male) |
| 14:45 | Construir | Farm |
| 14:47 | Construir | Farm |
| 14:48 | Construir | Farm |
| 14:49 | Construir | Farm |
| 15:05 | Construir | Farm |
| 15:12 | queue | Villager (Male) |
| 16:05 | queue | Villager (Male) |
| 16:06 | queue | Archer |
| 16:10 | Construir | Watch Tower |
| 16:21 | Construir | Archery Range |
| 16:31 | Construir | Palisade Wall |
| 16:33 | Construir | Palisade Wall |
| 16:36 | Construir | Palisade Wall |
| 16:38 | queue | Skirmisher |
| 16:41 | queue | Villager (Male) |
| 16:57 | queue | Villager (Male) |
| 16:58 | queue | Skirmisher |
| 17:02 | Investigar | Fletching |
| 17:15 | queue | Skirmisher |
| 17:16 | queue | Villager (Male) |
| 17:19 | Construir | Stone Wall |
| 17:22 | Construir | Stone Wall |
| 17:23 | Construir | Stone Wall |
| 17:24 | Construir | Stone Wall |
| 17:29 | queue | Skirmisher |
| 17:29 | queue | Skirmisher |
| 17:29 | queue | Villager (Male) |
| 17:34 | queue | Archer |
| 17:40 | Investigar | Padded Archer Armor |
| 17:53 | Construir | Archery Range |
| 18:08 | Construir | Market |
| 18:14 | queue | Archer |
| 18:19 | queue | Villager (Male) |
| 18:27 | Construir | Stone Wall |
| 18:29 | queue | Villager (Male) |
| 18:42 | queue | Villager (Male) |
| 18:45 | queue | Archer |
| 18:45 | queue | Archer |
| 19:00 | queue | Archer |
| 19:42 | queue | Villager (Male) |
| 19:48 | queue | Villager (Male) |
| 19:52 | Construir | Stone Wall |
| 20:05 | queue | Villager (Male) |
| 20:09 | queue | Villager (Male) |
| 20:18 | Construir | Stone Wall |
| 20:21 | Construir | Palisade Wall |
| 20:30 | Construir | Mining Camp |
| 20:43 | queue | Villager (Male) |
| 20:46 | queue | Archer |
| 20:46 | queue | Archer |
| 21:02 | queue | Villager (Male) |
| 21:28 | queue | Villager (Male) |
| 21:29 | Construir | Lumber Camp |
| 21:35 | Construir | Farm |
| 21:37 | queue | Archer |
| 21:38 | queue | Archer |
| 22:29 | queue | Archer |
| 22:36 | queue | Villager (Male) |
| 22:38 | queue | Archer |
| 22:41 | queue | Villager (Male) |
| 22:44 | queue | Archer |
| 22:56 | queue | Archer |
| 22:56 | queue | Archer |
| 23:06 | queue | Archer |
| 23:20 | Construir | Farm |
| 23:55 | queue | Villager (Male) |
| 23:56 | queue | Villager (Male) |
| 23:56 | queue | Villager (Male) |
Build order — Oni.Lewis
Primeras 150 de 223 acciones detectadas
| 0:00 | queue | Villager (Male) |
| 0:00 | queue | Villager (Male) |
| 0:01 | Construir | House |
| 0:03 | Construir | House |
| 0:15 | queue | Villager (Male) |
| 0:16 | queue | Villager (Male) |
| 1:16 | queue | Villager (Male) |
| 1:37 | queue | Villager (Male) |
| 2:03 | queue | Villager (Male) |
| 2:21 | Construir | Lumber Camp |
| 2:51 | queue | Villager (Male) |
| 3:01 | queue | Villager (Male) |
| 3:19 | queue | Villager (Male) |
| 3:34 | queue | Villager (Male) |
| 3:51 | Construir | House |
| 3:57 | queue | Villager (Male) |
| 4:06 | queue | Villager (Male) |
| 4:37 | queue | Villager (Male) |
| 5:07 | queue | Villager (Male) |
| 5:10 | queue | Villager (Male) |
| 5:16 | queue | Villager (Male) |
| 5:52 | Construir | Barracks |
| 6:10 | Investigar | Loom |
| 6:45 | Investigar | Feudal Age |
| 6:56 | queue | Militia |
| 7:04 | Construir | House |
| 7:05 | queue | Militia |
| 7:34 | Construir | House |
| 7:46 | queue | Militia |
| 7:58 | queue | Villager (Male) |
| 8:03 | Construir | House |
| 8:16 | Construir | Mill |
| 8:24 | queue | Villager (Male) |
| 8:36 | queue | Villager (Male) |
| 8:42 | queue | Villager (Male) |
| 8:55 | Edad | Edad Feudal |
| 8:58 | Investigar | Man-at-Arms (upgrade) |
| 9:05 | Construir | Palisade Wall |
| 9:07 | Construir | Palisade Wall |
| 9:08 | Construir | Palisade Wall |
| 9:10 | Construir | Palisade Wall |
| 9:10 | Construir | Palisade Wall |
| 9:10 | Construir | Palisade Wall |
| 9:18 | queue | Villager (Male) |
| 9:23 | queue | Villager (Male) |
| 9:25 | Construir | Archery Range |
| 9:33 | Investigar | Double-Bit Axe |
| 9:43 | queue | Villager (Male) |
| 9:47 | Construir | House |
| 9:56 | queue | Spearman |
| 9:59 | queue | Villager (Male) |
| 10:13 | Construir | Mining Camp |
| 10:15 | queue | Villager (Male) |
| 10:26 | queue | Spearman |
| 11:00 | queue | Militia |
| 11:07 | Construir | Farm |
| 11:07 | Construir | Farm |
| 11:12 | queue | Villager (Male) |
| 11:13 | queue | Archer |
| 11:27 | Construir | Farm |
| 11:29 | Construir | Farm |
| 11:30 | Construir | Farm |
| 11:40 | queue | Villager (Male) |
| 11:54 | queue | Archer |
| 12:07 | queue | Archer |
| 12:08 | Construir | Farm |
| 12:10 | queue | Villager (Male) |
| 12:19 | queue | Spearman |
| 12:22 | Construir | Farm |
| 12:24 | Construir | House |
| 12:36 | queue | Villager (Male) |
| 12:43 | Construir | House |
| 12:50 | queue | Villager (Male) |
| 12:56 | Construir | Farm |
| 12:59 | queue | Archer |
| 13:02 | queue | Villager (Male) |
| 13:13 | queue | Archer |
| 13:19 | queue | Villager (Male) |
| 13:36 | queue | Villager (Male) |
| 13:46 | queue | Archer |
| 13:54 | queue | Villager (Male) |
| 13:55 | Construir | Blacksmith |
| 13:58 | queue | Villager (Male) |
| 14:03 | queue | Villager (Male) |
| 14:17 | queue | Militia |
| 14:33 | queue | Archer |
| 14:34 | queue | Villager (Male) |
| 14:38 | Investigar | Scale Mail Armor |
| 14:39 | queue | Militia |
| 14:40 | queue | Villager (Male) |
| 14:41 | Construir | House |
| 14:42 | Construir | House |
| 14:42 | Construir | House |
| 14:47 | Construir | Farm |
| 14:50 | queue | Villager (Male) |
| 14:53 | queue | Militia |
| 14:57 | Investigar | Fletching |
| 15:08 | queue | Villager (Male) |
| 15:22 | Construir | Farm |
| 15:23 | queue | Villager (Male) |
| 15:47 | queue | Villager (Male) |
| 15:47 | queue | Villager (Male) |
| 15:56 | queue | Archer |
| 16:00 | queue | Villager (Male) |
| 16:10 | queue | Villager (Male) |
| 16:11 | queue | Villager (Male) |
| 16:15 | queue | Archer |
| 16:19 | queue | Villager (Male) |
| 16:26 | Construir | Farm |
| 16:29 | Construir | Palisade Wall |
| 16:30 | Construir | House |
| 16:31 | queue | Villager (Male) |
| 16:35 | queue | Militia |
| 16:40 | queue | Villager (Male) |
| 16:42 | Construir | Barracks |
| 16:46 | queue | Archer |
| 16:46 | queue | Villager (Male) |
| 16:47 | queue | Villager (Male) |
| 16:59 | queue | Villager (Male) |
| 17:00 | Construir | Farm |
| 17:01 | queue | Villager (Male) |
| 17:08 | queue | Militia |
| 17:11 | Investigar | Horse Collar |
| 17:12 | queue | Villager (Male) |
| 17:23 | queue | Villager (Male) |
| 17:24 | queue | Villager (Male) |
| 17:29 | Construir | Lumber Camp |
| 17:30 | queue | Villager (Male) |
| 17:33 | queue | Archer |
| 17:34 | queue | Militia |
| 17:37 | queue | Villager (Male) |
| 17:39 | queue | Villager (Male) |
| 17:50 | queue | Militia |
| 17:52 | queue | Villager (Male) |
| 17:53 | Construir | House |
| 17:53 | Construir | Palisade Wall |
| 17:57 | queue | Villager (Male) |
| 17:59 | Construir | Palisade Wall |
| 17:59 | Construir | Palisade Wall |
| 18:02 | queue | Militia |
| 18:11 | Construir | Farm |
| 18:13 | queue | Villager (Male) |
| 18:14 | queue | Militia |
| 18:16 | queue | Villager (Male) |
| 18:29 | queue | Villager (Male) |
| 18:34 | Construir | Watch Tower |
| 18:44 | queue | Militia |
| 18:47 | Construir | Farm |
| 18:48 | Construir | Farm |
| 18:49 | Construir | Farm |
Cronología de la partida
| 5:08 | Don Vito · wall_segment Palisade Wall x1 |
| 5:10 | Don Vito · wall_segment Palisade Wall x1 |
| 5:11 | Don Vito · wall_segment Palisade Wall x1 |
| 5:48 | Don Vito · wall_segment Palisade Wall x7 |
| 5:52 | Oni.Lewis · first_building Barracks |
| 5:55 | Don Vito · wall_segment Palisade Wall x1 |
| 5:55 | Don Vito · wall_segment Palisade Wall x1 |
| 6:32 | Don Vito · wall_segment Palisade Wall x1 |
| 6:33 | Don Vito · wall_segment Palisade Wall x1 |
| 6:38 | Don Vito · wall_segment Palisade Wall x5 |
| 6:52 | Don Vito · wall_segment Palisade Wall x1 |
| 7:26 | Don Vito · wall_segment Palisade Wall x8 |
| 7:26 | Don Vito · wall_segment Palisade Wall x1 |
| 7:47 | Don Vito · first_building Barracks |
| 8:37 | Don Vito · wall_segment Palisade Wall x1 |
| 8:48 | Don Vito · wall_segment Palisade Wall x1 |
| 8:51 | Don Vito · age_up feudal |
| 8:55 | Oni.Lewis · age_up feudal |
| 8:57 | Don Vito · first_building Stable |
| 9:05 | Oni.Lewis · wall_segment Palisade Wall x1 |
| 9:07 | Oni.Lewis · wall_segment Palisade Wall x1 |
| 9:08 | Oni.Lewis · wall_segment Palisade Wall x1 |
| 9:10 | Oni.Lewis · wall_segment Palisade Wall x1 |
| 9:10 | Oni.Lewis · wall_segment Palisade Wall x1 |
| 9:10 | Oni.Lewis · wall_segment Palisade Wall x1 |
| 9:25 | Oni.Lewis · first_building Archery Range |
| 11:07 | Don Vito · first_building Archery Range |
| 11:54 | Don Vito · wall_segment Palisade Wall x1 |
| 11:55 | Don Vito · wall_segment Palisade Wall x1 |
| 11:57 | Don Vito · wall_segment Palisade Wall x1 |
| 11:58 | Don Vito · wall_segment Palisade Wall x1 |
| 12:00 | Don Vito · wall_segment Palisade Wall x1 |
| 13:25 | Don Vito · wall_segment Palisade Wall x1 |
| 16:29 | Oni.Lewis · wall_segment Palisade Wall x1 |
| 16:31 | Don Vito · wall_segment Palisade Wall x1 |
| 16:33 | Don Vito · wall_segment Palisade Wall x1 |
| 16:36 | Don Vito · wall_segment Palisade Wall x1 |
| 17:19 | Don Vito · wall_segment Stone Wall x6 |
| 17:22 | Don Vito · wall_segment Stone Wall x1 |
| 17:23 | Don Vito · wall_segment Stone Wall x1 |
| 17:24 | Don Vito · wall_segment Stone Wall x1 |
| 17:53 | Oni.Lewis · wall_segment Palisade Wall x1 |
| 17:59 | Oni.Lewis · wall_segment Palisade Wall x1 |
| 17:59 | Oni.Lewis · wall_segment Palisade Wall x1 |
| 18:27 | Don Vito · wall_segment Stone Wall x1 |
| 19:15 | Oni.Lewis · wall_segment Palisade Wall x1 |
| 19:16 | Oni.Lewis · wall_segment Palisade Wall x1 |
| 19:18 | Oni.Lewis · wall_segment Palisade Wall x1 |
| 19:52 | Don Vito · wall_segment Stone Wall x4 |
| 20:18 | Don Vito · wall_segment Stone Wall x3 |
| 20:21 | Don Vito · wall_segment Palisade Wall x1 |
| 20:45 | Don Vito · first_market_sell 100 wood |
| 21:51 | Oni.Lewis · wall_segment Palisade Wall x1 |
| 22:29 | Oni.Lewis · first_market_buy 100 food |
| 22:44 | Oni.Lewis · first_market_sell 100 wood |
| 24:39 | Don Vito · resign |
[ ANÁLISIS IA · 1 CRÉDITO ]
¿Qué pasó realmente en esta partida?
Wolo.gg analiza cada decisión: build order, eco, micro, errores típicos por bracket. Análisis personalizado por WhatsApp o Discord en 30 segundos.
Guía civ
Hunos
Perfil
Jugador #18713675